 Dungeon Crawl Stone Soup version 0.25.1-2-g60ff931df9 (webtiles) character file.

Game seed: 13233490367531689671

127 Revguard the Firebug (level 4, -3/33 HPs)
             Began as a Demigod Fire Elementalist on Aug 6, 2020.
             Killed from afar by an orc wizard (23 damage)
             ... with an exploding inner flame
             ... hexed by the player character
             ... on level 4 of the Dungeon.
             The game lasted 00:10:28 (3045 turns).

Revguard the Firebug (Demigod Fire Elementalist)    Turns: 3045, Time: 00:10:29

Health: -3/33      AC:  4    Str: 11    XL:     4   Next: 56%
Magic:  3/10       EV: 13    Int: 21    God:
Gold:   163        SH:  0    Dex: 16    Spells: 3/7 levels left

rFire    + . .     SeeInvis .   f - +3 dagger (elec)
rCold    . . .     Gourm    .   (no shield)
rNeg     . . .     Faith    .   a - +0 robe
rPois    .         Spirit   .   p - +1 helmet
rElec    .         Reflect  .   (no cloak)
rCorr    .         Harm     .   (no gloves)
MR       +....                  (no boots)
Stlth    ++........             (no amulet)
HPRegen  0.11/turn              k - ring of protection from magic
MPRegen  0.12/turn              r - ring of protection from fire

@: no status effects
A: high mp 1
a: no special abilities


You were on level 4 of the Dungeon.
You were not hungry.

You visited 1 branch of the dungeon, and saw 4 of its levels.

You collected 163 gold pieces.

Inventory:

Hand Weapons
 f - a +3 dagger of electrocution (weapon)
Armour
 a - a +0 robe (worn)
 p - a +1 helmet (worn)
Jewellery
 k - a ring of protection from magic (left hand)
 r - a ring of protection from fire (right hand)
Wands
 u - a wand of acid (20)
Scrolls
 b - 4 scrolls of remove curse
 g - 2 scrolls of amnesia
 j - a scroll of noise
 l - a scroll of teleportation
Potions
 d - a potion of might
 e - a potion of cancellation {unknown}
 h - 3 potions of curing
 n - 2 potions of heal wounds {unknown}
 q - a potion of lignification {unknown}
 v - a potion of stabbing {unknown}
Comestibles
 c - 4 rations
 i - a chunk of flesh


   Skills:
 + Level 0.1 Short Blades
 + Level 2.2 Dodging
 + Level 2.2 Stealth
 + Level 2.4 Spellcasting
 + Level 1.5 Conjurations
 * Level 0.8 Hexes
 + Level 3.6 Fire Magic
 * Level 0.3 Evocations


You had 3 spell levels left.
You knew the following spells:

 Your Spells              Type           Power        Failure   Level  Hunger
a - Foxfire               Conj/Fire      ##..         4%          1    None
b - Inner Flame           Hex/Fire       ##......     17%         3    ###....

Your spell library contained the following spells:

 Spells                   Type           Power        Failure   Level  Hunger
 Magic Dart               Conj           #...         8%          1    None
 Slow                     Hex            #.......     14%         2    ##.....
 Conjure Flame            Conj/Fire      ##......     14%         3    ###....
 Blink                    Tloc           N/A          22%         2    ##.....
 Call Imp                 Summ           #.......     22%         2    ##.....
 Mephitic Cloud           Conj/Pois/Air  #.......     34%         3    ###....
 Sticky Flame             Conj/Fire      ##......     43%         4    ####...
 Fireball                 Conj/Fire      ##........   78%         5    ######.


Dungeon Overview and Level Annotations

Branches:
Dungeon (4/15)
 Temple: D:4-7


Innate Abilities, Weirdness & Mutations

You have an increased reservoir of magic. (+10% MP)


Message History

A scorpion comes into view.
Casting: Foxfire (safe; 4% risk of failure)
Confirm with . or Enter, or press ? or * to list all spells.
You conjure some foxfire!
The foxfire hits the orc.
The orc is almost dead.
The orc wizard casts a spell at you. The puff of frost hits you.
The foxfire hits something.
Flame seeps out of something. 2 orcs, an orc priest and an orc wizard come into view.
The orc wizard is wielding a +0 dagger and wearing a +2 robe of magic resistance.
The orc wizard shouts!
The orc shouts!
The orc priest shouts!
The orc shouts!
The giant cockroach bites you but does no damage.
The fiery explosion engulfs the orc wizard!!!
You kill the orc wizard!
The fiery explosion engulfs the orc!!
You kill the orc!
The fiery explosion engulfs you!! You resist.
Ouch! That really hurt!
You die...

########
......#
#>#..######
#.s...[...#
#.§§§.....#
###°)####...
#@s# #o.#
#......o#
##....#o....
#..... .o..
....... ...
##....... ..
#....#... .
#.#.#####.


You could see a scorpion, an orc priest, 2 orcs and a giant cockroach.

Vanquished Creatures
  An orc wizard (D:4)
  3 adders
  A worm (D:3)
  2 dart slugs
  A leopard gecko (D:1)
  2 orcs
  2 ball pythons
  5 giant cockroaches
  4 goblins
  10 hobgoblins
  12 kobolds
  A quokka (D:3)
  7 bats
  2 frilled lizards
  8 rats
61 creatures vanquished.

Vanquished Creatures (others)
  172 foxfires
172 creatures vanquished.

Grand Total: 233 creatures vanquished

Notes
Turn   | Place    | Note
-------+----------+-------------------------------------------
     0 | D:1      | Revguard the Demigod Fire Elementalist began the quest for
                  | the Orb.
     0 | D:1      | Reached XP level 1. HP: 14/14 MP: 5/5
   219 | D:1      | Reached XP level 2. HP: 20/20 MP: 4/7
   264 | D:1      | Reached skill level 3 in Fire Magic
   431 | D:1      | Reached skill level 1 in Conjurations
  1090 | D:1      | Reached XP level 3. HP: 26/26 MP: 4/8
  1140 | D:1      | Learned a level 3 spell: Inner Flame
  2439 | D:3      | Reached XP level 4. HP: 25/33 MP: 10/10
  3045 | D:4      | Killed from afar by an orc wizard

Illustrated notes

Levels and vault maps discovered:
D:1:      beargit_arrival_greenhouse, layout_basic
D:2:      layout_basic
D:3:      layout_basic
D:4:      minmay_razor_zed, layout_loops_ring, portal_sewer_entry_f,
          uniq_natasha

Skill      XL: |  1  2  3 |
---------------+----------+-----
Dodging        | 2 |  2.2
Fire Magic     | 3 |  3.6
Spellcasting   | 2 |  2.4
Conjurations   | 1 |  1.5
Stealth        | 2 |  2.2
Short Blades   | |  0.1
Hexes          | |  0.8
Evocations     | |  0.3

Action                   |  1- 3 |  4- 6 || total
-------------------------+-------+-------++-------
Melee: Unarmed           |     3 |       ||     3
       Dagger            |    14 |     1 ||    15
 Cast: Foxfire           |    92 |    15 ||   107
       Inner Flame       |       |     2 ||     2
  Use: Scroll            |     9 |       ||     9
 Stab: Sleeping          |     1 |       ||     1
  Eat: Chunk             |     5 |     2 ||     7
Armor: Robe              |     5 |     4 ||     9
Dodge: Dodged            |    15 |     6 ||    21
